Map: Lost and Found LE

Players

TheWagon

  • Race: Zerg Zerg
  • Spawn Location: 1:00

harstem - Winner!

  • Race: Protoss Protoss
  • Spawn Location: 7:00

Event: WCS Montreal 2018

VOD

Have the link to the VOD?

Description

Time

  • Played on: Sept. 7, 2018, 12:37 p.m.
  • Length: 11:18

All games in this series

Show
View Real Time Build Order
Export as new Build Order

TheWagon Zerg 

Build Orders: Pool First 

Get SALT Encoding   

  12  0:01  Drone  
  13  0:12  Overlord  
  13  0:17  Drone  
  14  0:31  Drone x2  
  16  0:42  Spawning Pool  
  15  0:45  Drone  
  16  0:50  Extractor  
  16  0:51  Drone  
  16  0:57  Drone  
  17  1:22  Hatchery  
  16  1:29  Zergling x6  
  19  1:38  Queen  
  21  1:44  Drone  
  22  1:51  Overlord  
  22  1:57  Metabolic Boost  
  22  2:10  Drone  
  22  2:12  Drone  
  24  2:16  Queen  
  26  2:27  Drone  
  27  2:34  Drone  
  27  2:37  Queen  
  27  2:38  Drone  
  28  2:45  Drone x2  
  28  2:48  Drone x2  
  28  2:49  Drone  
  33  2:56  Zergling x2  
  34  2:59  Zergling x2  
  34  3:00  Evolution Chamber  
  34  3:03  Spore Crawler  
  33  3:06  Drone  
  34  3:21  Drone x2  
  36  3:28  Zerg Melee Weapons Level 1  
  36  3:34  Overlord  
  36  3:35  Hatchery  
  36  3:36  Overlord  
  36  3:39  Drone  
  36  3:53  Drone x2  
  36  3:54  Drone x4  
  36  3:55  Queen  
  42  4:00  Spore Crawler, Drone  
  44  4:06  Drone x2  
  45  4:16  Drone x4  
  45  4:17  Drone  
  49  4:22  Overlord  
  49  4:25  Roach Warren  
  49  4:28  Zergling x4  
  49  4:31  Zergling x2  
  51  4:44  Drone x4  
  51  4:45  Drone x2  
  57  4:50  Overlord  
  57  4:52  Extractor  
  57  4:56  Zergling x4  
  58  5:01  Lair  
  58  5:09  Overlord  
  58  5:10  Roach  
  58  5:11  Roach x3  
  66  5:20  Zergling x2  
  66  5:21  Overlord  
  66  5:28  Drone x3  
  66  5:29  Overlord  
  66  5:31  Drone x2  
  66  5:32  Drone  
  71  5:36  Zergling x2  
  71  5:37  Zergling x2  
  71  5:40  Overlord  
  71  5:42  Zerg Missile Weapons Level 1  
  73  5:44  Extractor  
  72  5:55  Drone x2  
  74  5:57  Extractor x2  
  74  6:03  Roach x2  
  74  6:04  Roach x2  
  78  6:07  Roach  
  78  6:09  Zergling x6  
  78  6:10  Zergling x8  
  79  6:15  Zergling x10  
  83  6:21  Drone x2  
  85  6:31  Drone  
  85  6:32  Drone x2  
  85  6:38  Overseer  
  85  6:41  Spore Crawler, Zergling x2  
  85  6:43  Drone x2  
  85  6:44  Glial Reconstitution  
  87  6:48  Zergling x2  
  88  6:56  Zergling x2, Overlord  
  89  7:01  Hydralisk Den  
  89  7:05  Zergling x8  
  89  7:06  Zergling x4  
  89  7:07  Ravager x3  
  96  7:09  Overlord  
  96  7:10  Overlord  
  96  7:17  Drone x5  
  96  7:22  Drone x2  
  100  7:24  Drone  
  99  7:30  Drone  
  99  7:32  Drone  
  99  7:33  Drone  
  99  7:34  Drone  
  99  7:35  Drone  
  101  7:37  Drone x3  
  101  7:38  Drone  
  101  7:42  Zerg Missile Weapons Level 2  
  102  7:46  Muscular Augments  
  99  7:55  Hydralisk x2  
  99  7:56  Hydralisk x3  
  99  7:57  Hatchery  
  108  8:05  Extractor  
  107  8:06  Overlord  
  107  8:13  Queen  
  107  8:17  Hydralisk x2  
  113  8:25  Hydralisk  
  113  8:26  Hydralisk x4  
  112  8:28  Roach  
  112  8:29  Roach x3  
  112  8:30  Hydralisk  
  114  8:38  Hydralisk x4  
  120  8:46  Hydralisk  
  120  8:48  Overlord  
  122  8:49  Overlord  
  122  9:05  Overlord x2  
  122  9:10  Grooved Spines  
  122  9:14  Hydralisk, Baneling Nest  
  122  9:15  Hydralisk x5  
  133  9:17  Overlord x2  
  133  9:20  Zergling x2  
  133  9:21  Zergling x10  
  140  9:24  Zergling x4  
  140  9:25  Zergling x2  
  140  9:26  Zergling x2  
  143  9:40  Hydralisk x4  
  145  9:49  Hydralisk x2  
  145  9:50  Hydralisk x2  
  138  9:56  Hydralisk x2  
  138  9:57  Hydralisk x2  
  131  10:04  Zergling x8  
  113  10:13  Roach x5  
  115  10:19  Queen  
  117  10:25  Drone x5  
  117  10:26  Drone x2  
  124  10:29  Drone x3  
  127  10:40  Baneling x8  
  119  10:43  Roach x4  
  119  10:49  Hydralisk x3  
Show
View Real Time Build Order
Export as new Build Order

harstem Protoss - Winner!

Build Orders: 1 Gate Expand, Oracle Opening, Chargelot Immortal 

Get SALT Encoding   

  12  0:01  Probe  
  13  0:13  Probe  
  14  0:19  Pylon  
  14  0:25  Probe  
  15  0:33  Probe  
  15  0:39  Gateway  
  15  0:41  Probe  
  16  0:47  Assimilator  
  17  0:51  Probe  
  18  1:03  Probe  
  19  1:15  Probe  
  20  1:26  Nexus  
  20  1:36  Cybernetics Core  
  21  1:47  Zealot  
  21  1:49  Pylon  
  21  1:52  Probe  
  23  2:05  Adept  
  23  2:07  Probe  
  24  2:11  Assimilator  
  26  2:19  Probe  
  27  2:30  Stargate  
  27  2:31  Probe  
  27  2:35  Adept  
  30  2:43  Probe  
  31  2:47  Warp Gate, Probe  
  31  2:55  Probe x2  
  32  3:05  Probe  
  35  3:08  Probe  
  35  3:09  Oracle  
  37  3:17  Probe  
  41  3:20  Probe  
  40  3:28  Pylon  
  40  3:29  Probe  
  40  3:30  Stalker  
  40  3:32  Probe  
  44  3:41  Probe  
  44  3:44  Probe  
  44  3:47  Gateway  
  46  3:49  Twilight Council  
  46  3:51  Gateway  
  46  3:53  Probe  
  47  3:56  Probe  
  47  3:59  Pylon  
  47  4:02  Adept  
  50  4:05  Probe  
  50  4:06  Resonating Glaives  
  50  4:08  Pylon  
  51  4:13  Probe  
  52  4:18  Probe  
  52  4:19  Assimilator  
  52  4:21  Assimilator  
  53  4:27  Phoenix  
  53  4:29  Pylon  
  53  4:30  Probe  
  55  4:31  Probe  
  57  4:42  Probe  
  58  4:46  Probe  
  58  4:51  Robotics Facility  
  58  4:52  Adept  
  61  4:54  Adept  
  61  4:56  Adept  
  65  5:02  Pylon  
  65  5:17  Adept x3  
  71  5:26  Probe  
  71  5:28  Immortal  
  70  5:32  Nexus  
  70  5:34  Probe  
  70  5:35  Pylon  
  71  5:37  Forge  
  74  5:47  Sentry x3  
  80  5:54  Probe  
  80  5:56  Nexus  
  81  5:59  Probe  
  81  6:00  Immortal  
  80  6:10  Probe  
  79  6:12  Probe  
  79  6:18  Protoss Ground Weapons Level 1, Charge  
  78  6:19  Pylon  
  78  6:20  Gateway  
  78  6:22  Gateway, Probe  
  78  6:25  Probe  
  80  6:28  Immortal  
  74  6:35  Probe  
  74  6:36  Adept  
  74  6:37  Adept  
  81  6:41  Probe  
  81  6:46  Gateway  
  83  6:47  Pylon, Probe  
  83  6:48  Sentry  
  83  6:52  Shield Battery  
  85  6:57  Adept  
  85  6:58  Adept  
  85  7:01  Probe x2  
  91  7:04  Pylon  
  91  7:13  Adept  
  97  7:23  Adept  
  97  7:24  Adept x3  
  101  7:31  Probe x2  
  101  7:33  Probe  
  101  7:36  Immortal  
  100  7:41  Gateway  
  100  7:42  Gateway  
  100  7:43  Templar Archives, Probe x2  
  106  7:52  Adept x4  
  106  7:53  Adept, Protoss Ground Weapons Level 2  
  116  8:01  Pylon  
  116  8:02  Assimilator  
  116  8:06  Warp Prism, Probe  
  116  8:07  Probe  
  116  8:11  Pylon  
  118  8:14  Pylon  
  118  8:15  Pylon  
  118  8:18  Probe x2  
  122  8:20  Assimilator  
  114  8:30  Psionic Storm  
  108  8:37  Adept x6  
  108  8:40  Probe x2  
  122  8:43  Pylon  
  122  8:55  High Templar x2  
  124  8:57  High Templar  
  124  8:58  Photon Cannon  
  128  9:04  Probe  
  128  9:07  High Templar  
  131  9:16  Immortal  
  131  9:20  Nexus  
  131  9:22  Pylon  
  131  9:24  Probe x2  
  131  9:25  Probe  
  131  9:28  High Templar  
  140  9:32  Shield Battery  
  140  9:34  Shield Battery  
  138  9:46  Zealot x7  
  139  9:55  Archon  
  124  10:00  Zealot  
  124  10:04  Immortal  
  124  10:06  Zealot x2  
  124  10:07  Archon, Zealot x3  
  124  10:27  High Templar x4  
  132  10:30  Probe  
  132  10:31  Pylon x2, Archon x2  
  132  10:35  Probe  
  134  10:36  Gateway  
  134  10:38  Zealot x2  
  134  10:39  Gateway  
  134  10:42  Zealot x2  
  124  10:58  Zealot x2  
  124  11:00  Zealot x4  
  118  11:14  High Templar  
  118  11:15  High Templar x3, Zealot  
  118  11:16  Zealot  
Tags
 
Add a new tag
Caveats
  • Supply blocks, unpowered buildings, or Contaminate may cause inaccurate times.
  • Supply counts are checked every 10 seconds.